 Dungeon Crawl Stone Soup version 0.22-a0-379-ga9d99d6 (webtiles) character file.

39 Falco the Vexing (level 3, 0/26 HPs)
             Began as a Centaur Enchanter on Apr 28, 2018.
             Succumbed to an adder's poison
             ... on level 2 of the Dungeon.
             The game lasted 00:04:13 (710 turns).

Falco the Vexing (Centaur Enchanter)                 Turns: 710, Time: 00:04:13

Health: 0/26       AC:  5    Str: 10    XL:     3   Next: 26%
Magic:  5/6        EV: 10    Int: 14    God:
Gold:   30         SH:  0    Dex: 10    Spells: 3/6 levels left

rFire    . . .     SeeInvis .   a - +1 dagger
rCold    . . .     Gourm    .   (no shield)
rNeg     . . .     Faith    .   b - +0 robe
rPois    .         Spirit   .   (no helmet)
rElec    .         Reflect  .   f - +0 cloak
rCorr    .         Harm     .   (no gloves)
MR       .....                  (no barding)
Stlth    +.........             (no amulet)
HPRegen  0.08/turn              (no ring)
MPRegen  0.10/turn              (no ring)

@: lethally poisoned (0 -> -9), very quick
A: large, hooves 3, deformed body, speed 2, tough skin 3
a: no special abilities


You were on level 2 of the Dungeon.
You were not hungry.

You visited 1 branch of the dungeon, and saw 2 of its levels.

You collected 30 gold pieces.

Inventory:

Hand Weapons
 a - a +1 dagger (weapon)
Armour
 b - a +0 robe (worn)
 f - a +0 cloak (worn)
Scrolls
 c - 2 scrolls of identify
 e - 3 scrolls of remove curse
 h - a scroll of fog
Comestibles
 d - 5 rations


   Skills:
 + Level 0.9 Short Blades
 + Level 1.4 Dodging
 + Level 2.1 Stealth
 + Level 2.0 Spellcasting
 + Level 3.2 Hexes


You had 3 spell levels left.
You knew the following spells:

 Your Spells              Type           Power        Failure   Level  Hunger
a - Corona                Hex            ##.....      6%          1    ##.....
b - Ensorcelled Hibernat  Hex/Ice        #.....       19%         2    ###....


Dungeon Overview and Level Annotations

Branches:
Dungeon (2/15)

Altars:


Innate Abilities, Weirdness & Mutations

You have hooves in place of feet.
Armour fits poorly on your strangely shaped body.
You cover ground very quickly.
You have extremely tough skin. (AC +3)


Message History

You closely miss the adder. The adder bites you but does no damage.
You hit the adder.
The adder is lightly wounded.
You feel sick. The adder bites you.
* * * LOW HITPOINT WARNING * * *
You are more poisoned.
The adder poisons you!
* * * LOW HITPOINT WARNING * * *
You feel sick.
Found a ring mail.
* * * LOW HITPOINT WARNING * * *
You feel sick.
You see here a ring mail.
As you read the scroll of fear, it crumbles to dust.
You assume a fearsome visage.
The ball python looks frightened!
The adder looks frightened!
* * * LOW HITPOINT WARNING * * *
You feel sick.
Cornered, the ball python turns to fight!
You die...

#........s.>...
#...S......####
##.........#
#####K########
#.S..s# #S###.#
#.# #.# #[# #.#
#@# #.# #.# #S#
#.# #.# #.# .#
#.# #.# #.# #.#


You could see an adder (fleeing) and a ball python.

Vanquished Creatures
  An adder (D:2)
  An ooze (D:1)
  3 dart slugs (D:1)
  A leopard gecko (D:1)
  2 bats (D:1)
  A giant cockroach (D:1)
  A goblin (D:1)
  A hobgoblin (D:1)
  4 kobolds (D:1)
  5 rats (D:1)
20 creatures vanquished.

Notes
Turn   | Place    | Note
-------+----------+-------------------------------------------
     0 | D:1      | Falco the Centaur Enchanter began the quest for the Orb.
     0 | D:1      | Reached XP level 1. HP: 14/14 MP: 3/3
   149 | D:1      | Reached skill level 3 in Hexes
   154 | D:1      | Reached XP level 2. HP: 16/20 MP: 4/4
   240 | D:1      | Learned a level 2 spell: Ensorcelled Hibernation
   545 | D:1      | Reached XP level 3. HP: 26/26 MP: 5/5
   709 | D:2      | HP: 1/26 [poisoned by an adder]
   710 | D:2      | Succumbed to an adder's poison

Vault maps used:
D:1:      ncdulo_smallfort
D:2:      old_standard_altar, dk_noncrumbling_4

Skill      XL: |  1  2  3 |
---------------+----------+-----
Hexes          | 3 |  3.2
Stealth        | 2 |  2.1
Spellcasting   | 2 |  2.0
Short Blades   | |  0.9
Dodging        | |  1.4

Action                   || total
-------------------------++-------
Melee: Dagger            ||    55
       Kick              ||    16
 Cast: Corona            ||     1
  Use: Scroll            ||     4
 Stab: Sleeping          ||     1
Armor: Robe              ||    20
Dodge: Dodged            ||    24

Table legend:
 A = Spawn XP
 B = Non-spawn XP
 C = Spawn XP percentage of total XP
 D = Spawn monster count
 E = Non-spawn monster count
 F = Spawn count percentage of total count
 G = Total turns spent on level
                    A         B        C        D         E        F      G
               +---------+---------+-------+---------+---------+-------+---------
         Total |       0 |      56 |   0.0 |       0 |      20 |   0.0 |   710
               +---------+---------+-------+---------+---------+-------+---------
           D:1 |       0 |      43 |   0.0 |       0 |      19 |   0.0 |   685
           D:2 |       0 |      13 |   0.0 |       0 |       1 |   0.0 |    25
               +---------+---------+-------+---------+---------+-------+---------
